 Dungeon Sprint DCSS version 0.19-a0-1259-g4fc3c0a (webtiles) character file.

31550 Groucho the Acrobat (level 13, 0/72 HPs)
             Began as a Spriggan Enchanter on Aug 28, 2016.
             Was the Champion of Dithmenos.
             Slain by Ilsuiw
             ... wielding a +5 trident of freezing
              (3 damage)
             ... in the Dungeon (Sprint VII: "The Pits").
             The game lasted 00:30:10 (6159 turns).

Groucho the Acrobat (Spriggan Enchanter)            Turns: 6159, Time: 00:30:10

Health: 0/72       AC:  5    Str:  8    XL:     13   Next: 26%
Magic:  28/36      EV: 33    Int: 18    God:    Dithmenos [******]
Gold:   33         SH:  0    Dex: 13    Spells: 5 memorised, 36 levels left

rFire  . . .     SeeInvis +     F - +5 pair of quick blades "Gyre" and "Gimble" {pierce, Dex-3}
rCold  . . .     Gourm    .     b - +1 robe
rNeg   . . .     Faith    .     (shield currently unavailable)
rPois  .         Spirit   .     (helmet restricted)
rElec  .         Dismiss  .     G - +1 cloak
rCorr  .         Reflect  .     (gloves unavailable)
MR     ++...     Harm     .     (boots unavailable)
Stlth  ++++++++++ NoTele   +    (no amulet)
                                (no ring)
                                (no ring)

@: wreathed by umbra, very quick
A: unfitting armour, see invisible, herbivore 3, speed 3, slow metabolism 2
a: Shadow Step, Shadow Form, Renounce Religion


You were in the Dungeon.
You worshipped Dithmenos.
Dithmenos was exalted by your worship.
You were not hungry.

You visited 1 branch You collected 33 gold pieces.

Inventory:

Hand Weapons
 a - a +2 dagger of electrocution
 g - a +0 dagger of holy wrath
 F - the +5 pair of quick blades "Gyre" and "Gimble" (weapon) {pierce, Dex-3}
   (You found it in the Dungeon)

   It inflicts extra damage upon your enemies.
   It affects your dexterity (-3).
Missiles
 p - 36 stones (quivered)
Armour
 b - a +1 robe (worn)
 u - a +0 cloak
 G - a +1 cloak (worn)
Jewellery
 q - a +3 ring of dexterity
 r - a +3 ring of intelligence
Scrolls
 j - 2 scrolls of blinking
 l - 3 scrolls of remove curse
 m - 5 scrolls of amnesia
 n - a scroll of summoning
 y - 3 scrolls of identify
 z - 2 scrolls of enchant weapon
 A - a scroll of fear
 B - a scroll of fog
 C - 4 scrolls of enchant armour
Potions
 e - 8 potions of curing
 f - 9 potions of heal wounds
 h - 4 potions of magic
 i - 3 potions of berserk rage
 k - a potion of invisibility
 s - a potion of cure mutation
 t - 2 potions of might
 v - 2 potions of haste
 w - a potion of agility
 x - a potion of brilliance
 D - a potion of cancellation
Books
 c - a book of Maledictions

   Spells                             Type                      Level
   a - Corona                         Hexes                        1
   b - Ensorcelled Hibernation        Hexes/Ice                    2
   c - Confuse                        Hexes                        3
   d - Tukima's Dance                 Hexes                        3
   e - Dazzling Spray                 Conjuration/Hexes            3
Miscellaneous
 E - a disc of storms
Comestibles
 d - 8 bread rations
 o - 39 fruits


   Skills:
 + Level 9.9 Fighting
 + Level 16.0 Short Blades
 * Level 21.1 Dodging
 - Level 14.0 Stealth
 * Level 18.3 Spellcasting
 * Level 7.3 Conjurations
 * Level 18.4 Hexes


You had 36 spell levels left.
You knew the following spells:

 Your Spells              Type           Power        Failure   Level  Hunger
a - Corona                Hex            ######.      0%          1    None
b - Ensorcelled Hibernat  Hex/Ice        #####.       1%          2    None
c - Confuse               Hex            ######..     0%          3    None
d - Dazzling Spray        Conj/Hex       ######       1%          3    None
e - Tukima's Dance        Hex            ######..     0%          3    None


Dungeon Overview and Level Annotations

Branches:
Dungeon (1/1)

Altars:
Ashenzari
Cheibriados
Dithmenos
Elyvilon
Fedhas
Gozag
Hepliaklqana
Kikubaaqudgha
Makhleb
Nemelex Xobeh
Okawaru
Qazlal
Ru
Sif Muna
Trog
Uskayaw
Vehumet
Xom
Yredelemnul
Zin
The Shining One
Beogh
Jiyva
Lugonu

Annotations:
D Ilsuiw


Innate Abilities, Weirdness & Mutations

You are tiny and cannot use many weapons and most armour.
You have supernaturally acute eyesight. (SInv)
You are a herbivore.
You cover ground extremely quickly.
You need consume almost no food.


Message History

The spray of energy misses the deep elf blademaster.
The spray of energy hits Ilsuiw.
Ilsuiw is lightly wounded.
Your shadow mimicks your spell!
The shadow shard hits the deep elf high priest.
The deep elf high priest barely misses you.
The deep elf blademaster completely misses you.
The deep elf blademaster hits you with a rapier!!
You emit a cloud of dark smoke.
Ilsuiw gestures wildly while chanting.
You hit the deep elf high priest.
You completely miss the deep elf high priest.
The water elemental disappears in a puff of smoke!
The deep elf blademaster hits you with a rapier!
The deep elf blademaster hits you with a rapier!!
* * * LOW HITPOINT WARNING * * *
Ilsuiw hits you from afar with a trident of freezing!
* * * LOW HITPOINT WARNING * * *
Ilsuiw freezes you.
You die...

+..........# +..........#
#..#....#..# #..........+
#..........+ ###''####''#
###§'####''#########
#.§§§..##.........(.
#.#@##.##..)....(.()
#.#ee4.##.)#########
#.mm%#.##.(#))')..')
#E#)%E.##..#))#...#)
#++###########.+)§#.##(.####...##
........##..##.##'#.##..#........
.#......##..##......##..#........
........''..##########..#.....)..
........''..##########).##'###'##


You could see Ilsuiw, a deep elf blademaster, a merfolk javelineer, a deep elf
high priest (blind), an ice devil and 2 water elementals.

Vanquished Creatures
  2 orc warlords (D)
  2 ghost moths (D)
  A vampire knight (D)
  A red draconian (D)
  A yaktaur captain (D)
  An ice dragon (D)
  2 naga warriors (D)
  A vault guard (D)
  An alligator snapping turtle (D)
  4 deep elf knights (D)
  An unseen horror (D)
  A sea snake (D)
  A swamp dragon (D)
  10 orc knights (D)
  A griffon (D)
  A black mamba (D)
  A smoke demon (D)
  2 spiny frogs (D)
  4 kobold demonologists (D)
  A freezing wraith (D)
  2 yaktaurs (D)
  A hellwing (D)
  A guardian mummy (D)
  2 ice devils (D)
  A troll (D)
  A giant leech (D)
  2 jumping spiders (D)
  2 polar bears (D)
  A two-headed ogre (D)
  3 blink frogs (D)
  A bog body (D)
  A snapping turtle (D)
  Prince Ribbit (D)
  6 dream sheep (D)
  10 redbacks (D)
  A wraith (D)
  A spriggan (D)
  3 tarantellas (D)
  2 fire bats (D)
  A hippogriff (D)
  2 fire elementals (D)
  A neqoxec (D)
  3 mottled dragons (D)
  A water moccasin (D)
  A small abomination (D)
  5 hell hounds (D)
  A giant eyeball (D)
  An orc warrior (D)
  A phantom (D)
  3 wolves (D)
  A centaur (D)
  A giant frog (D)
  A big kobold (D)
  A gnoll sergeant (D)
  An orc priest (D)
  2 orc wizards (D)
  A hell rat (D)
  2 gnolls (D)
  2 adders (D)
  An ufetubus (D)
  An ooze (D)
  A worm (D)
  A bat (D)
  A bat skeleton (D)
  4 goblins (D)
  A quokka (D)
  A ball python (D)
  2 giant newts (D)
  A jackal skeleton (D)
  6 kobolds (D)
  A rat (D)
134 creatures vanquished.

Notes
Turn   | Place    | Note
-------+----------+-------------------------------------------
     0 | D        | Groucho the Spriggan Enchanter began the quest for the Orb.
     0 | D        | Reached XP level 1. HP: 9/9 MP: 5/5
    11 | D        | Noticed a giant eyeball
    15 | D        | Killed a giant eyeball
    15 | D        | Reached skill level 1 in Fighting
    15 | D        | Reached skill level 6 in Dodging
    15 | D        | Reached skill level 5 in Spellcasting
    15 | D        | Reached skill level 5 in Hexes
    15 | D        | Reached XP level 2. HP: 15/15 MP: 6/9
    15 | D        | Reached XP level 3. HP: 18/18 MP: 6/10
    15 | D        | Reached XP level 4. HP: 23/23 MP: 7/12
    19 | D        | Learned a level 2 spell: Ensorcelled Hibernation
    23 | D        | Learned a level 3 spell: Confuse
    27 | D        | Learned a level 3 spell: Dazzling Spray
    87 | D        | Found a radiant altar of Vehumet.
    87 | D        | Found a hide-covered altar of Uskayaw.
    87 | D        | Found an ancient bone altar of Kikubaaqudgha.
    87 | D        | Found a viscous altar of Jiyva.
    87 | D        | Found a hazy altar of Hepliaklqana.
    88 | D        | Found a bloodstained altar of Trog.
    88 | D        | Found a deep blue altar of Sif Muna.
    88 | D        | Found a sacrificial altar of Ru.
    88 | D        | Found a stormy altar of Qazlal.
    88 | D        | Found an iron altar of Okawaru.
    88 | D        | Found a sparkling altar of Nemelex Xobeh.
    88 | D        | Found an opulent altar of Gozag.
    88 | D        | Found a blossoming altar of Fedhas.
    88 | D        | Found a white marble altar of Elyvilon.
    88 | D        | Found a shadowy altar of Dithmenos.
    88 | D        | Found a snail-covered altar of Cheibriados.
    89 | D        | Found a glowing golden altar of the Shining One.
    89 | D        | Found a glowing silver altar of Zin.
    90 | D        | Found a burning altar of Makhleb.
    90 | D        | Found a basalt altar of Yredelemnul.
    90 | D        | Found a roughly hewn altar of Beogh.
    91 | D        | Found a corrupted altar of Lugonu.
    91 | D        | Found a shimmering altar of Xom.
    91 | D        | Found a shattered altar of Ashenzari.
   101 | D        | Became a worshipper of Dithmenos the Shadowed
   147 | D        | Reached * piety under Dithmenos
   195 | D        | Noticed a giant frog
   202 | D        | Reached ** piety under Dithmenos
   204 | D        | Killed a giant frog
   204 | D        | Reached skill level 5 in Short Blades
   204 | D        | Reached skill level 7 in Dodging
   204 | D        | Reached XP level 5. HP: 26/27 MP: 9/15
   282 | D        | Noticed a water moccasin
   291 | D        | Killed a water moccasin
   291 | D        | Reached skill level 8 in Dodging
   291 | D        | Reached XP level 6. HP: 32/32 MP: 13/17
   319 | D        | Noticed Prince Ribbit
   340 | D        | Reached *** piety under Dithmenos
   355 | D        | Killed Prince Ribbit
   355 | D        | Reached skill level 9 in Dodging
   385 | D        | Reached skill level 10 in Dodging
   385 | D        | Reached XP level 7. HP: 30/37 MP: 12/20
   398 | D        | Reached **** piety under Dithmenos
   415 | D        | Noticed a fire bat
   417 | D        | Killed a fire bat
   497 | D        | Noticed a two-headed ogre
   499 | D        | Killed a two-headed ogre
   499 | D        | Reached skill level 11 in Dodging
   510 | D        | Reached ***** piety under Dithmenos
   512 | D        | Reached skill level 10 in Hexes
   512 | D        | Reached XP level 8. HP: 42/42 MP: 13/22
   562 | D        | Noticed a griffon
   566 | D        | Reached skill level 10 in Spellcasting
   569 | D        | Reached skill level 10 in Stealth
   574 | D        | Killed a griffon
   574 | D        | Reached skill level 12 in Dodging
   578 | D        | Reached skill level 5 in Fighting
   723 | D        | Noticed a dream sheep
   723 | D        | Noticed a dream sheep
   741 | D        | Killed a dream sheep
   743 | D        | Noticed a dream sheep
   743 | D        | Noticed a dream sheep
   744 | D        | Noticed a blink frog
   744 | D        | Noticed a blink frog
   744 | D        | Noticed a blink frog
   744 | D        | Noticed a dream sheep
   744 | D        | Noticed a dream sheep
   804 | D        | Killed a blink frog
   804 | D        | Reached skill level 10 in Short Blades
   804 | D        | Reached XP level 9. HP: 35/47 MP: 5/25
  1084 | D        | Reached skill level 13 in Dodging
  1102 | D        | Reached ****** piety under Dithmenos
  1110 | D        | Noticed a kobold demonologist
  1162 | D        | Reached skill level 14 in Dodging
  1396 | D        | Noticed a giant leech
  1428 | D        | Killed a giant leech
  1528 | D        | Noticed a sea snake
  1530 | D        | Noticed a kobold demonologist
  1530 | D        | Noticed an ice devil
  1673 | D        | Killed a sea snake
  1771 | D        | Reached XP level 10. HP: 53/53 MP: 24/27
  1922 | D        | Noticed an unseen horror
  1923 | D        | Reached skill level 15 in Dodging
  1928 | D        | Killed an unseen horror
  2329 | D        | Reached skill level 16 in Dodging
  2415 | D        | Noticed a spiny frog
  2418 | D        | Killed a spiny frog
  2425 | D        | Reached XP level 11. HP: 58/58 MP: 24/30
  2435 | D        | Noticed a swamp dragon
  2435 | D        | Noticed a ghost moth
  2440 | D        | Killed a swamp dragon
  2441 | D        | Killed a ghost moth
  2441 | D        | Reached skill level 17 in Dodging
  2822 | D        | Noticed a ghost moth
  2822 | D        | Noticed an alligator snapping turtle
  2827 | D        | Reached skill level 15 in Hexes
  2874 | D        | Killed a ghost moth
  2874 | D        | Reached skill level 15 in Spellcasting
  2874 | D        | Reached skill level 1 in Conjurations
  2939 | D        | Killed an alligator snapping turtle
  3235 | D        | Learned a level 3 spell: Tukima's Dance
  3239 | D        | Reached skill level 18 in Dodging
  3742 | D        | Noticed a red draconian
  3746 | D        | Killed a red draconian
  3746 | D        | Reached XP level 12. HP: 65/65 MP: 27/33
  3843 | D        | Noticed a vampire knight
  3848 | D        | Killed a vampire knight
  3850 | D        | Reached skill level 15 in Short Blades
  4212 | D        | Noticed an orc warlord
  4325 | D        | Reached skill level 19 in Dodging
  4874 | D        | Noticed an orc warlord
  4989 | D        | Killed an orc warlord
  4989 | D        | Reached skill level 5 in Conjurations
  5036 | D        | Killed an orc warlord
  5036 | D        | Reached skill level 20 in Dodging
  5420 | D        | Noticed a vault guard
  5435 | D        | Killed a vault guard
  5465 | D        | Noticed a naga warrior
  5513 | D        | Noticed an ice dragon
  5520 | D        | Killed an ice dragon
  5520 | D        | Reached XP level 13. HP: 49/70 MP: 4/35
  5949 | D        | Reached skill level 21 in Dodging
  6152 | D        | Noticed a deep elf blademaster
  6152 | D        | Noticed a white draconian
  6152 | D        | Noticed Ilsuiw
  6152 | D        | Noticed a merfolk javelineer
  6159 | D        | HP: 3/72 [Ilsuiw/trident of freezing (7)]
  6159 | D        | Slain by Ilsuiw

Vault maps used:
D:        pitsprint

Skill      XL: |  1  2  3  4  5  6  7  8  9 10 11 12 13 |
---------------+----------------------------------------+-----
Fighting       | 1 2 3 4 5 6 7 8 9 |  9.9
Short Blades   | 4 5 6 7 8 10 11 13 14 15 16 | 16.0
Dodging        | 6 7 8 10 11 12 14 16 18 20 21 | 21.1
Stealth        | 6 7 8 9 10 12 13 14 | 14.0
Spellcasting   | 5 6 7 8 9 11 12 14 16 17 18 | 18.3
Hexes          | 5 6 7 8 10 11 12 14 16 17 18 | 18.4
Conjurations   | 2 6 7 |  7.3

Action                   |  1- 3 |  4- 6 |  7- 9 | 10-12 | 13-15 || total
-------------------------+-------+-------+-------+-------+-------++-------
Melee: Dagger            |     1 |    23 |    56 |   153 |    19 ||   252
       Pair of quick bla |       |       |       |       |     4 ||     4
Throw: Stone             |       |     2 |     6 |    25 |     2 ||    35
 Cast: Ensorcelled Hiber |       |    12 |    30 |    75 |     3 ||   120
       Confuse           |       |     1 |     9 |    16 |     2 ||    28
       Dazzling Spray    |       |       |     9 |    24 |    11 ||    44
Invok: Shadow Step       |       |       |     1 |    13 |     3 ||    17
  Use: Potion            |       |     1 |     4 |     7 |       ||    12
 Stab: Sleeping          |     1 |    10 |    14 |    54 |     5 ||    84
       Confused          |       |     1 |     4 |    10 |     1 ||    16
       Distracted        |       |     1 |     1 |       |       ||     2
       Invisible         |       |       |     3 |     8 |     4 ||    15
  Eat: Bread ration      |       |       |       |     1 |       ||     1
       Fruit             |       |       |       |     1 |       ||     1
Armor: Robe              |       |     1 |     2 |     5 |       ||     8
Dodge: Dodged            |       |    14 |    50 |   153 |    16 ||   233
